 Dungeon Crawl Stone Soup version 0.29.0-4-gdea44cf6ec (webtiles) character file.

Game seed: 10479767051347824702

61 qw the Chopper (level 4, -1/26 HPs)
             Began as a Tengu Warper on Aug 29, 2022.
             Slain by Terence
             ... wielding a +0 trident
              (5 damage)
             ... on level 2 of the Dungeon.
             The game lasted 00:00:06 (1252 turns).

qw the Chopper (Tengu Warper)                       Turns: 1252, Time: 00:00:07

Health: -1/26      AC:  4    Str: 13    XL:     4   Next: 7%
Magic:  0/8        EV: 12    Int: 13    God:
Gold:   47         SH:  0    Dex: 14    Spells: 7/7 levels left

rFire   . . .      SeeInvis .   Y - +0 hand axe
rCold   . . .      Faith    .   (no shield)
rNeg    . . .      Spirit   +   b - +0 leather armour
rPois   .          Reflect  .   (helmet restricted)
rElec   .          Harm     .   (no cloak)
rCorr   .          Rampage  .   h - +0 pair of gloves
Will    .....                   (boots unavailable)
Stlth   +.........              e - amulet of guardian spirit
HPRegen 0.08/turn               (no ring)
MPRegen 0.11/turn               (no ring)

@: no status effects
A: beak, talons 3
a: no special abilities


You were on level 2 of the Dungeon.
You visited 1 branch of the dungeon, and saw 2 of its levels.

You collected 47 gold pieces.


Innate Abilities, Weirdness & Mutations

You have a beak for a mouth.
You have claws for feet.


   Skills:
 - Level 2.0 Fighting
 + Level 4.6 Axes
 - Level 1.0 Throwing
 - Level 1.1 Armour
 - Level 2.1 Dodging
 - Level 2.0 Spellcasting
 - Level 2.4 Translocations


You had 7 spell levels left.
You didn't know any spells.
Your spell library contained the following spells:

 Spells                   Type           Power      Damage    Failure   Level
 Blink                    Tloc           14%        N/A       19%         2
 Gell's Gravitas          Tloc           7%         N/A       36%         3
 Lesser Beckoning         Tloc           7%         N/A       36%         3
 Teleport Other           Tloc           7%         N/A       36%         3
 Manifold Assault         Tloc           7%         N/A       98%         5

Inventory:

Hand Weapons
 f - a +0 club
 Y - a +0 hand axe (weapon)
Armour
 b - a +0 leather armour (worn)
 d - the +4 scale mail of Conscience {rCorr Str+3}
   (You found it on level 2 of the Dungeon)

   Str:       It affects your strength (+3).
   rCorr:     It protects you from acid and corrosion.
 h - a +0 pair of gloves (worn)
Jewellery
 e - an amulet of guardian spirit (around neck)
Scrolls
 a - a scroll of fog {unknown}
 c - a scroll of torment {unknown}
Potions
 g - a potion of brilliance {unknown}

Dungeon Overview and Level Annotations

Branches:
Dungeon (2/15)

Altars:

Annotations:
D:2 Terence


Message History

You kill the kobold!
Terence hits you from afar with a +0 trident.
Terence closely misses you.
Things that are here:
a +0 short sword; a kobold corpse; a ball python corpse You hit Terence.
Terence is lightly wounded.
Terence closely misses you.
You hit Terence but do no damage. Your kick misses Terence.
Terence is lightly wounded.
Terence hits you with a +0 trident.
You barely miss Terence. You claw Terence, but do no damage.
Terence is lightly wounded.
Terence barely misses you.
You hit Terence.
Terence is moderately wounded.
Terence barely misses you.
You barely miss Terence. Your kick misses Terence.
Terence is moderately wounded.
Terence misses you.
You hit Terence but do no damage. You claw Terence.
You peck Terence, but do no damage.
Terence is moderately wounded.
Terence barely misses you. Terence hits you with a +0 trident.
You barely miss Terence. You peck Terence.
Terence is heavily wounded.
Terence hits you with a +0 trident.
You closely miss Terence. Your kick misses Terence.
Terence is heavily wounded.
Terence misses you.
You barely miss Terence. Your kick misses Terence.
Terence is heavily wounded.
Terence hits you with a +0 trident.
You hit Terence but do no damage.
Terence is heavily wounded.
Terence closely misses you.
You hit Terence.
Terence is severely wounded.
Terence hits you with a +0 trident.
You die...

#.# ##.#
#.# #
#.###..#
#.# #
#.#...#
#.# #
#..#.# #.#
#.(#.# #..
#..#.. ..#
#..####
#..# #.@#
#@.[.....#
#..!......
.....###.#
##...##
##.## #.#
#..


You could see Terence.

Vanquished Creatures
  Natasha (D:2)
  An adder (D:2)
  4 dart slugs
  2 giant cockroaches (D:1)
  2 hobgoblins
  2 ball pythons (D:2)
  2 bats
  A frilled lizard (D:2)
  3 goblins
  A kobold (D:2)
  6 rats
25 creatures vanquished.

Notes
Turn   | Place    | Note
-------+----------+-------------------------------------------
     0 | D:1      | qw the Tengu Warper began the quest for the Orb.
     0 | D:1      | Reached XP level 1. HP: 12/12 MP: 4/4
     0 | D:1      | 0 ||| qw: Version: 0.1-a-89-g26bdef1
     0 | D:1      | 0 ||| qw: Game counter: 3573
     0 | D:1      | 0 ||| qw: Always use a shield: true
     0 | D:1      | 0 ||| qw: God list: Okawaru
     0 | D:1      | 0 ||| qw: Allow faded altars: false
     0 | D:1      | 0 ||| qw: Do Orc after D:15 true
     0 | D:1      | 0 ||| qw: Do second Lair branch before Depths: true
     0 | D:1      | 0 ||| qw: Lair rune preference: random
     0 | D:1      | 0 ||| qw: Plans: Normal
     0 | D:1      | 0 ||| PLANNING D:1-11
    31 | D:1      | 31 ||| Stepping ~*~*~tactically~*~*~ (stealth).
   144 | D:1      | Found a faded altar of an unknown god.
   166 | D:1      | 166 ||| Stepping ~*~*~tactically~*~*~ (hiding).
   173 | D:1      | Reached skill level 3 in Axes
   173 | D:1      | Reached XP level 2. HP: 14/17 MP: 6/6
   583 | D:1      | 583 ||| Stepping ~*~*~tactically~*~*~ (hiding).
   784 | D:1      | 784 ||| UPGRADING to +0 pair of gloves.
   789 | D:1      | 789 ||| UPGRADING to amulet of guardian spirit.
   794 | D:1      | 794 ||| READING scroll labelled JAULIOCLEB.
   795 | D:1      | 795 ||| READING scroll labelled ZEOGGA JENAEN.
   796 | D:1      | 796 ||| DROPPING scroll of blinking.
   815 | D:2      | 815 ||| STAIRDANCE
   933 | D:2      | Identified the +4 scale mail of Conscience {rCorr Str+3}
  1041 | D:2      | Reached XP level 3. HP: 18/21 MP: 7/7
  1047 | D:2      | Reached skill level 4 in Axes
  1121 | D:2      | Noticed Natasha
  1122 | D:2      | 1122 ||| Stepping ~*~*~tactically~*~*~ (hiding).
  1132 | D:2      | Killed Natasha
  1133 | D:2      | Reached XP level 4. HP: 22/26 MP: 5/8
  1235 | D:2      | Noticed Terence
  1248 | D:2      | HP: 5/26 [Terence/+0 trident (2)]
  1252 | D:2      | Slain by Terence

Levels and vault maps discovered:
D:1:      amcnicky_arrival_underground_garden, layout_basic,
          hellmonk_ecumenical_altar_defaced_shrine,
          chequers_serial_rivers_micro_c
D:2:      layout_loops_ring, minmay_misc_feat_ornament, minmay_liquid_box,
          uniq_natasha, uniq_terence

Skill      XL: |  1  2  3 |
---------------+----------+-----
Axes           | 3 4 |  4.6
Fighting       | |  2.0
Throwing       | |  1.0
Armour         | |  1.1
Dodging        | |  2.1
Spellcasting   | |  2.0
Translocations | |  2.4

Action                   |  1- 3 |  4- 6 || total
-------------------------+-------+-------++-------
Melee: Hand axe          |    55 |    16 ||    71
       Kick              |     8 |     3 ||    11
       Peck              |     9 |     2 ||    11
       Punch             |     1 |     1 ||     2
Throw: Boomerang         |     7 |       ||     7
  Use: Scroll            |     2 |       ||     2
Armor: Leather armour    |    13 |       ||    13
Dodge: Dodged            |    30 |     9 ||    39

Table legend:
 A = Non-vault XP
 B = Vault XP
 C = Vault XP percentage of total XP
 D = Non-vault monster count
 E = Vault monster count
 F = Vault count percentage of total count
                 A         B        C        D         E       F
            +---------+---------+-------+---------+---------+-------
      Total |      49 |      39 |  44.3 |      21 |       4 |  16.0
            +---------+---------+-------+---------+---------+-------
        D:1 |      21 |       4 |  16.0 |      10 |       3 |  23.1
        D:2 |      28 |      35 |  55.6 |      11 |       1 |   8.3
            +---------+---------+-------+---------+---------+-------
